 Dungeon Crawl Stone Soup version 0.31-a0-198-g2ad674f65e (webtiles) character file.

Game seed: 1061941744978971759

128643 pokeman the Sorcerer (level 16, -13/88 HPs)
             Began as a Deep Elf Hedge Wizard on June 25, 2023.
             Was a High Priest of Vehumet.
             Mangled by a merfolk
             ... wielding a +0 trident of flaming
              (18 damage)
             ... on level 1 of the Shoals.
             The game lasted 01:38:25 (35303 turns).

pokeman the Sorcerer (Deep Elf Hedge Wizard)       Turns: 35303, Time: 01:38:25

Health: -13/88     AC:  9    Str:  7    XL:     16   Next: 48%
Magic:  21/55      EV: 12    Int: 28    God:    Vehumet [*****.]
Gold:   2196       SH:  0    Dex:  9    Spells: 3/63 levels left

rFire   + + .        Z - staff of fire
rCold   + . .        (no shield)
rNeg    . . .        R - +1 robe {rC+ rF+}
rPois   .            D - +0 mask of the Dragon {Will+ Slay+3 SInv}
rElec   .            Y - +0 cloak
rCorr   .            e - +2 pair of gloves
SInv    +            U - +0 pair of boots
Will    +++..        B - amulet of regeneration
Stlth   +++          J - ring of magical power
HPRegen 1.14/turn    a - ring "Magaesitro" {Wiz Will+ Dex-5 Slay+2 Stlth+}
MPRegen 0.34/turn

%: wizardry (x1)
@: studying Ice Magic
A: no striking features
a: Renounce Religion


You were on level 1 of the Shoals.
You worshipped Vehumet.
Vehumet was extremely pleased with you.
You visited 5 branches of the dungeon, and saw 24 of its levels.
You also visited: Bailey, Ice Cave and Volcano.

You collected 3545 gold pieces.
You spent 1349 gold pieces at shops.

Inventory:

Hand Weapons
 m - a +2 dagger of pain
Armour
 e - a +2 pair of gloves (worn)
 j - a +1 buckler of protection
 s - a +2 leather armour of fire resistance
 D - the +0 mask of the Dragon (worn) {Will+ Slay+3 SInv}
   (You found it on level 11 of the Dungeon)

   Slay:      It affects your accuracy & damage with ranged weapons and melee
   (+3).
   SInv:      It lets you see invisible.
   Will:      It increases your willpower.
 H - +0 acid dragon scales
 R - a +1 robe of resistance (worn)
 U - a +0 pair of boots (worn)
 Y - a +0 cloak (worn)
Magical Staves
 g - a staff of death
 t - a staff of poison
 Z - a staff of fire (weapon)
Jewellery
 a - the ring "Magaesitro" (right hand) {Wiz Will+ Dex-5 Slay+2 Stlth+}
   (You acquired it in the Ecumenical Temple)

   [ring of wizardry]

   It improves your spell success rate.
   Dex:       It affects your dexterity (-5).
   Slay:      It affects your accuracy & damage with ranged weapons and melee
   (+2).
   Will:      It increases your willpower.
   Stlth:     It makes you more stealthy.
 i - a +5 ring of evasion
 B - an amulet of regeneration (around neck)
 J - a ring of magical power (left hand)
Wands
 c - a wand of paralysis (4)
 y - a wand of roots (16)
 E - a wand of polymorph (18)
 T - a wand of acid (5)
Scrolls
 k - 21 scrolls of teleportation
 q - 5 scrolls of revelation
 r - 9 scrolls of blinking
 C - 4 scrolls of enchant armour
 O - 2 scrolls of poison
 W - 2 scrolls of vulnerability {unknown}
Potions
 b - 8 potions of heal wounds
 d - 3 potions of magic
 f - a potion of enlightenment
 h - 3 potions of invisibility
 l - 3 potions of haste
 n - 18 potions of curing
 p - a potion of mutation
 F - 2 potions of brilliance
 I - 3 potions of ambrosia
 L - a potion of resistance
 S - 3 potions of might {unknown}


   Skills:
 - Level 6.0 Fighting
 - Level 8.0 Armour
 - Level 3.1 Dodging
 - Level 3.0 Stealth
 + Level 5.3 Shields
 * Level 24.0 Spellcasting
 + Level 14.8 Conjurations
 - Level 6.0 Summonings
 - Level 2.0 Necromancy
 - Level 1.1 Translocations
 + Level 16.3 Fire Magic
 - Level 2.2 Ice Magic
 - Level 1.0 Air Magic
 - Level 1.0 Earth Magic
 - Level 1.1 Poison Magic
 - Level 1.0 Evocations


You had 3 spell levels left.
You knew the following spells:

 Your Spells              Type           Power      Damage    Failure   Level
a - Magic Dart            Conj           100%       1d8       0%          1
b - Mephitic Cloud        Conj/Pois/Air  60%        N/A       1%          3
c - Call Imp              Summ           100%       N/A       1%          2
d - Blink                 Tloc           78%        N/A       1%          2
e - Foxfire               Conj/Fire      100%       2x1d9     0%          1
f - Fireball              Conj/Fire      55%        3d21      1%          5
g - Starburst             Conj/Fire      55%        6d15      1%          6
h - Sticky Flame          Conj/Fire      100%       2d11      0%          4
i - Ignition              Fire           56%        3d15      1%          8
j - Call Canine Familiar  Summ           61%        N/A       1%          3
k - Swiftness             Air            39%        N/A       1%          3
l - Lee's Rapid Deconstr  Erth           19%        3d11*     2%          5
m - Airstrike             Air            19%        2d(3-19)  1%          4
n - Orb of Destruction    Conj           43%        9d12      1%          7
o - Leda's Unmaking       Conj/Erth      33%        9d6       1%          6

Your spell library contained the following spells:

 Spells                   Type           Power      Damage    Failure   Level
 Conjure Ball Lightning   Conj/Air       33%        3x3d11    1%          6
 Freeze                   Ice            100%       1d10      1%          1
 Slow                     Hex            100%       N/A       1%          1
 Sting                    Tmut/Pois      100%       1d8       1%          1
 Summon Small Mammal      Summ           100%       N/A       1%          1
 Cigotuvi's Dreadful Rot  Necr/Pois/Air  82%        N/A       1%          2
 Ensorcelled Hibernation  Hex/Ice        78%        N/A       1%          2
 Passwall                 Tmut/Erth      30%        N/A       1%          2
 Poisonous Vapours        Pois/Air       78%        N/A       1%          2
 Static Discharge         Conj/Air       100%       2-7/arc   1%          2
 Ignite Poison            Fire/Tmut/Pois 78%        N/A       1%          3
 Inner Flame              Hex/Fire       87%        N/A       1%          3
 Ozocubu's Armour         Ice            46%        N/A       1%          3
 Summon Guardian Golem    Hex/Summ       50%        N/A       1%          3
 Vhi's Electric Charge    Tloc/Air       78%        N/A       1%          3
 Volatile Blastmotes      Fire/Tloc      100%       2d18      1%          3
 Flame Wave               Conj/Fire      100%       2d21      0%          4
 Animate Armour           Summ/Erth      100%       N/A       1%          4
 Animate Dead             Necr           44%        N/A       1%          4
 Dispel Undead            Necr           44%        3d17      1%          4
 Fulminant Prism          Conj/Hex       33%        3d16      1%          4
 Iskenderun's Mystic Bla  Conj/Tloc      67%        2d14      1%          4
 Olgreb's Toxic Radiance  Pois           39%        N/A       1%          4
 Summon Lightning Spire   Summ/Air       52%        N/A       1%          4
 Manifold Assault         Tloc           39%        N/A       2%          4
 Summon Forest            Summ/Tloc      26%        N/A       2%          5
 Leda's Liquefaction      Hex/Erth       18%        N/A       3%          4
 Petrify                  Tmut/Erth      36%        N/A       3%          4
 Summon Mana Viper        Hex/Summ       50%        N/A       3%          5
 Summon Cactus Giant      Summ           30%        N/A       4%          6
 Borgnjor's Vile Clutch   Necr/Erth      21%        N/A       6%          5
 Metabolic Englaciation   Hex/Ice        19%        N/A       7%          5
 Blade Hands              Tmut           16%        N/A       11%         5
 Simulacrum               Ice/Necr       22%        N/A       24%         6
 Death Channel            Necr           22%        N/A       26%         6
 Statue Form              Tmut/Erth      24%        N/A       41%         6
 Haunt                    Necr/Summ      27%        N/A       50%         7
 Discord                  Hex            16%        N/A       100%        8
 Infestation              Necr           22%        N/A       100%        8
 Polar Vortex             Ice            23%        N/A       100%        9


Dungeon Overview and Level Annotations

Branches:
Dungeon (15/15)            Temple (1/1) D:4            Lair (5/5) D:8
 Shoals (1/4) Lair:2        Snake (0/4) Lair:3        Slime (0/5) Lair:5
    Orc (2/2) D:10            Elf (0/3) Orc:2        Vaults (0/5) D:13
 Depths (0/4) D:15         Bailey (visited)           IceCv (visited)
Volcano (visited)

Altars:
Ashenzari
Cheibriados
Dithmenos
Elyvilon
Fedhas
Gozag
Hepliaklqana
Kikubaaqudgha
Makhleb
Nemelex Xobeh
Okawaru
Qazlal
Ru
Sif Muna
Trog
Uskayaw
Vehumet
Wu Jian
Xom
Yredelemnul
Zin
The Shining One
Jiyva

Shops:
D:1 :   D:4 **   D:14 [   Orc:1 *   Orc:2 ?((!(

Annotations:
D:14 2 transporters


Message History

You fall into the shallow water.
Moving in this stuff is going to be slow.
A wind drake comes into view.
The wind drake flaps its wings at you. The air twists around and strikes you!
The merfolk javelineer throws a javelin.
The javelin pierces through you!!
Casting: Blink (safe; 1% risk of failure)
Confirm with . or Enter, or press ? or * to list all spells.
Casting: Ignition (dangerous; 1% risk of failure)
Press: ? - help, Dir - look around, f - activate You feel a surge of power!
The air bursts into flame!
The fireball engulfs the merfolk!
The merfolk resists.
The merfolk is almost dead.
The fireball engulfs the merfolk!!
The merfolk is heavily wounded.
The fireball engulfs the drowned soul!!
You destroy the drowned soul!
The drowned soul returns to the deep!
The fireball engulfs the wind drake!
The wind drake is moderately wounded.
The fireball engulfs the merfolk javelineer!!!
The merfolk javelineer is heavily wounded.
You hear a shout!
The merfolk closely misses you.
The merfolk javelineer throws a javelin.
The javelin pierces through you!
* * * LOW HITPOINT WARNING * * *
Unknown command.
Found a potion of lignification.
You feel stable enough to blink again. The wind drake flaps its wings at you.
The air twists around and strikes you!
* * * LOW HITPOINT WARNING * * *
The merfolk javelineer throws a javelin.
The javelin pierces through you.
* * * LOW HITPOINT WARNING * * *
The merfolk hits you from afar with a +0 trident.
* * * LOW HITPOINT WARNING * * *
The merfolk hits you from afar with a +0 trident of flaming!!
You die...

~~~~~~~§..~~~~~~~~~~
~~~~~~~§...~~~~~~~~~
~~≈≈~~§†$....~~~~~~~
~~≈≈~§§.......(~~~
.~~m~~..##.......
.~~§~~.§§§§...m#
~~~§§§§.§§.m...##...
m~~~§§m~§m§~~~....^~
~~~~§§§§.#.@.......~
~~~~~..§##....k....~
~~~............###..
~~.............# .
.~~........~~...#
.~~.....<~~~.....!
#.~.......~~~......
.#~........~~......
#~..###...~####


You could see a merfolk javelineer, a wind drake (repels missiles) and 2
merfolk.

Vanquished Creatures
  An acid blob (Lair:5)
  Gastronok (Lair:2)
  2 azure jellies (Lair:5)
  2 frost giants
  The ghost of Starbright the Brawler, a journeyman TrBe of Trog (Orc:2)
  An ironbound preserver (D:13)
  2 quicksilver oozes (Lair:5)
  2 ettins
  A fire dragon (Volcano)
  A great orb of eyes (Lair:5)
  7 centaur warriors
  6 hydras
  The ghost of innerfire43 the Slicer, a journeyman DsMo of Okawaru (D:9)
  2 catoblepae
  5 boulder beetles
  A death knight (D:15)
  4 two-headed ogres
  3 tengu warriors (D:15)
  19 death yaks
  4 orc high priests
  Amaemon (Lair:1)
  A skyshark (Lair:2)
  2 skeletal warriors (D:15)
  Lodul (D:12)
  2 goliath frogs (Lair:5)
  A glowing orange brain (D:9)
  2 lindwurms
  An obsidian statue (Volcano)
  4 deep elf pyromancers
  8 orc knights
  Pikel (D:4)
  5 cyclopes
  5 orc sorcerers (Orc:2)
  14 ugly things
  A faun (shapeshifter) (D:13)
  8 manticores
  4 elephants (Lair:4)
  A black mamba (shapeshifter) (D:9)
  A merfolk siren (Lair:2)
  9 black mambas
  19 cane toads
  Maurice (D:13)
  2 torpor snails
  An orange demon (Lair:1)
  3 gargoyles
  An ice statue (IceCv)
  An unseen horror (shapeshifter) (D:9)
  12 komodo dragons
  2 rime drakes
  Maggie (D:8)
  A tengu conjurer (D:13)
  3 efreet
  A troll (shapeshifter) (D:9)
  A polar bear (shapeshifter) (D:13)
  3 tyrant leeches (Lair:5)
  A meliai (shapeshifter) (D:11)
  13 polar bears
  7 trolls
  A merfolk (Lair:2)
  Grinder (D:3)
  14 blink frogs
  A snapping turtle (Shoals:1)
  20 slime creatures
  2 wraiths
  6 spriggans (Lair:3)
  6 fire bats (Volcano)
  7 wyverns
  64 yaks
  A steam dragon (shapeshifter) (D:9)
  5 basilisks
  2 steam dragons
  14 vampire mosquitoes
  2 neqoxecs (D:9)
  3 wargs (Orc:1)
  An acid dragon (D:12)
  A floating eye (shapeshifter) (D:15)
  A hell hound (Volcano)
  Duvessa (D:4)
  21 water moccasins
  2 floating eyes (D:15)
  3 black bears
  34 orc warriors
  An ice beast (D:7)
  A black bear (shapeshifter) (D:14)
  14 ogres
  A sky beast (D:6)
  28 wolves
  16 centaurs
  3 phantoms
  3 lemures (D:4)
  3 kobold brigands
  18 bullfrogs
  A gnoll sergeant (D:8)
  5 scorpions
  12 wights
  A troll zombie (D:10)
  8 killer bees
  7 howler monkeys
  2 electric eels
  6 lava snakes (Volcano)
  11 jellies
  3 hounds
  A gnoll bouda (D:7)
  14 orc priests
  A sleepcap (D:4)
  Jessica (D:2)
  Natasha (thrice) (D:2)
  5 iguanas
  23 orc wizards
  5 ogre zombies (D:10)
  16 gnolls
  8 adders
  12 white imps (D:13)
  A worm (D:3)
  A dart slug (D:1)
  67 orcs
  4 bats
  17 endoplasms
  2 giant cockroaches (D:1)
  17 goblins
  13 hobgoblins
  5 jackals
  3 quokkas
  10 ball pythons
  4 frilled lizards
  A goblin skeleton (D:10)
  3 goblin zombies (D:10)
  A hobgoblin skeleton (D:10)
  32 kobolds
  12 orc zombies (D:10)
  8 rats
858 creatures vanquished.

Vanquished Creatures (collateral kills)
  A komodo dragon (D:10)
  A polar bear (IceCv)
  A shadow (D:10)
  A wraith (D:12)
  A basilisk (D:10)
  A vampire mosquito (D:10)
  2 wights
  Dowan (D:4)
  A killer bee (D:9)
  A jelly (D:4)
  A gnoll (D:7)
  An orc (D:4)
  A frilled lizard (D:10)
  A goblin zombie (D:10)
  An orc skeleton (D:10)
16 creatures vanquished.

Vanquished Creatures (others)
  A centaur simulacrum (D:11)
  A floating eye (D:15)
  958 foxfires
960 creatures vanquished.

Grand Total: 1834 creatures vanquished

Notes
Turn   | Place    | Note
-------+----------+-------------------------------------------
     0 | D:1      | pokeman the Deep Elf Hedge Wizard began the quest for the
                  | Orb.
     0 | D:1      | Reached XP level 1. HP: 10/10 MP: 7/7
   200 | D:1      | Reached XP level 2. HP: 15/15 MP: 2/9
   672 | D:1      | Reached skill level 5 in Spellcasting
   731 | D:1      | Reached XP level 3. HP: 18/20 MP: 3/11
   735 | D:1      | Learned a level 3 spell: Mephitic Cloud
   738 | D:1      | Learned a level 2 spell: Call Imp
   741 | D:1      | Learned a level 2 spell: Blink
   891 | D:1      | Found Xar Dova's Book Shoppe.
  1365 | D:2      | Reached skill level 1 in Fighting
  1382 | D:2      | Noticed Natasha
  1408 | D:2      | Killed Natasha
  1409 | D:2      | Reached skill level 1 in Armour
  1409 | D:2      | Reached XP level 4. HP: 25/25 MP: 7/13
  1471 | D:2      | Noticed Jessica
  1479 | D:2      | Killed Jessica
  1549 | D:2      | Noticed Natasha
  1601 | D:2      | Killed Natasha
  1631 | D:2      | Reached skill level 6 in Spellcasting
  1854 | D:2      | Noticed Natasha
  1869 | D:2      | Killed Natasha
  1870 | D:2      | Reached XP level 5. HP: 13/29 MP: 12/15
  1940 | D:2      | Got Deixt's Precepts of Orientation and Algor
  2313 | D:2      | Found a faded altar of an unknown god.
  3038 | D:3      | Reached skill level 1 in Poison Magic
  3112 | D:3      | Reached skill level 1 in Air Magic
  3112 | D:3      | Reached skill level 1 in Evocations
  3112 | D:3      | Reached XP level 6. HP: 29/34 MP: 11/17
  3670 | D:3      | Noticed Grinder
  3683 | D:3      | Paralysed by Grinder for 4 turns
  3703 | D:3      | Paralysed by Grinder for 4 turns
  3748 | D:3      | Killed Grinder
  3749 | D:3      | Reached skill level 7 in Spellcasting
  3931 | D:3      | Reached XP level 7. HP: 28/39 MP: 12/20
  4047 | D:3      | Found a burning altar of Makhleb.
  4048 | D:3      | Found a basalt altar of Yredelemnul.
  4049 | D:3      | Found a sparkling altar of Nemelex Xobeh.
  4390 | D:4      | Reached skill level 8 in Spellcasting
  4527 | D:4      | Noticed Pikel
  4582 | D:4      | Killed Pikel
  4583 | D:4      | Reached skill level 9 in Spellcasting
  4583 | D:4      | Reached XP level 8. HP: 32/44 MP: 10/23
  5096 | D:4      | Found Otzeqyi's Assorted Antiques.
  5162 | D:4      | Found Aluorus's General Store.
  5175 | D:4      | Bought a scroll of teleportation for 39 gold pieces
  5175 | D:4      | Bought 2 potions of curing for 78 gold pieces
  5262 | D:4      | Noticed Dowan
  5263 | D:4      | Noticed Duvessa
  5277 | D:4      | Killed Dowan
  5292 | D:4      | Killed Duvessa
  5293 | D:4      | Reached skill level 5 in Conjurations
  5511 | D:4      | Found a staircase to the Ecumenical Temple.
  5516 | Temple   | Entered the Ecumenical Temple
  5612 | Temple   | Became a worshipper of Vehumet
  6015 | D:5      | Entered Level 5 of the Dungeon
  6149 | D:5      | Reached skill level 10 in Spellcasting
  6557 | D:5      | Learned a level 4 spell: Sticky Flame
  6703 | D:5      | Found a stormy altar of Qazlal.
  6935 | D:6      | Reached XP level 9. HP: 48/48 MP: 20/25
  7278 | D:6      | Found a shadowy altar of Dithmenos.
  7442 | D:6      | Reached skill level 1 in Fire Magic
  7757 | D:6      | Reached skill level 5 in Summonings
  7943 | D:6      | Reached skill level 11 in Spellcasting
  8047 | D:6      | Identified the +4 scale mail of the Vaults {Drain rC+ rCorr
                  | Dex+3}
  8475 | D:7      | Learned a level 3 spell: Call Canine Familiar
  8493 | D:7      | Reached * piety under Vehumet
  8493 | D:7      | Offered knowledge of Foxfire by Vehumet.
  8519 | D:7      | Learned a level 1 spell: Foxfire
  9653 | D:8      | Reached skill level 12 in Spellcasting
  9707 | D:8      | Found a staircase to the Lair.
  9726 | D:8      | Found a flagged portal.
  9737 | Bailey   | Entered a bailey
  9771 | Bailey   | Reached ** piety under Vehumet
  9771 | Bailey   | Offered knowledge of Sandblast by Vehumet.
 10006 | Bailey   | Reached XP level 10. HP: 56/56 MP: 23/28
 10075 | Bailey   | Offered knowledge of Scorch by Vehumet.
 10267 | Bailey   | Identified the +0 plate armour of Riefeh {rElec}
 10278 | Bailey   | Noticed an orc warlord
 10290 | Bailey   | an orc warlord changed into a formless jellyfish
 10290 | Bailey   | Noticed a formless jellyfish
 10724 | D:8      | Reached *** piety under Vehumet
 11212 | D:8      | Noticed Maggie
 11219 | D:8      | Killed Maggie
 11220 | D:8      | Reached skill level 13 in Spellcasting
 11760 | D:9      | Offered knowledge of Olgreb's Toxic Radiance by Vehumet.
 11873 | D:9      | Reached skill level 5 in Fire Magic
 12057 | D:9      | Found a runed translucent gate.
 12058 | D:9      | Found a runed translucent gate.
 12058 | D:9      | Found a runed translucent gate.
 12058 | D:9      | Noticed a skyshark
 12060 | D:9      | a skyshark changed into a dream sheep
 12061 | D:9      | Noticed a purple ugly thing
 12061 | D:9      | Noticed a glowing orange brain
 12062 | D:9      | Noticed a purple ugly thing
 12113 | D:9      | Noticed a swamp dragon
 12438 | D:9      | Noticed a red ugly thing
 12461 | D:10     | Entered Level 10 of the Dungeon
 12791 | D:10     | Reached skill level 14 in Spellcasting
 12973 | D:9      | Reached XP level 11. HP: 58/61 MP: 20/31
 13436 | D:10     | You fall into a shaft and drop 2 floors!
 13451 | D:12     | Reached **** piety under Vehumet
 13699 | D:11     | Reached skill level 15 in Spellcasting
 13928 | D:10     | Found a staircase to the Orcish Mines.
 13965 | D:10     | Offered knowledge of Yara's Violent Unravelling by Vehumet.
 14313 | D:10     | Reached skill level 5 in Armour
 14963 | D:11     | Noticed a boulder beetle
 14996 | D:11     | Killed a boulder beetle
 15125 | D:11     | Noticed a centaur warrior
 15151 | D:11     | Noticed a two-headed ogre
 15175 | D:11     | Killed a centaur warrior
 15204 | D:11     | Killed a two-headed ogre
 15262 | D:11     | Noticed a two-headed ogre
 15271 | D:11     | Killed a two-headed ogre
 15302 | D:11     | Reached skill level 16 in Spellcasting
 15732 | D:11     | Noticed a brown ugly thing
 15742 | D:11     | Killed a brown ugly thing
 15743 | D:11     | Reached XP level 12. HP: 68/68 MP: 18/34
 16476 | D:12     | Noticed Lodul
 16491 | D:12     | Reached skill level 5 in Fighting
 16665 | D:12     | Killed Lodul
 17525 | D:1      | Bought a manual of Fire Magic for 800 gold pieces
 17930 | D:13     | Noticed a centaur warrior
 17930 | D:13     | Noticed a centaur warrior
 18005 | D:13     | Noticed a two-headed ogre
 18005 | D:13     | Noticed Maurice
 18006 | D:13     | Noticed a two-headed ogre
 18102 | D:13     | Reached skill level 10 in Conjurations
 18142 | D:13     | Found a frozen archway.
 18176 | IceCv    | Entered an ice cave
 18301 | IceCv    | Reached skill level 17 in Spellcasting
 18554 | IceCv    | Reached ***** piety under Vehumet
 18554 | IceCv    | Offered knowledge of Starburst by Vehumet.
 18597 | IceCv    | Learned a level 6 spell: Starburst
 19011 | IceCv    | Reached skill level 10 in Fire Magic
 19093 | IceCv    | Noticed a death yak
 19096 | IceCv    | Noticed a death yak
 19105 | IceCv    | Killed a death yak
 19106 | IceCv    | Reached skill level 18 in Spellcasting
 19107 | IceCv    | Killed a death yak
 19229 | IceCv    | Noticed a death yak
 19229 | IceCv    | Noticed a death yak
 19232 | IceCv    | Noticed a death yak
 19235 | IceCv    | Killed a death yak
 19235 | IceCv    | Killed a death yak
 19236 | IceCv    | Reached XP level 13. HP: 74/74 MP: 27/37
 19422 | IceCv    | Noticed a frost giant
 19578 | IceCv    | Killed a frost giant
 19936 | IceCv    | Learned a level 8 spell: Ignition
 20071 | D:13     | Found a gate to the Vaults.
 20071 | D:13     | Noticed an ironbound preserver
 20078 | D:13     | Reached skill level 1 in Ice Magic
 20080 | D:13     | Killed an ironbound preserver
 20370 | D:13     | Killed Maurice
 20437 | D:13     | Reached skill level 19 in Spellcasting
 21081 | Temple   | Acquired the ring "Magaesitro" {Wiz Will+ Dex-5 Slay+2
                  | Stlth+}
 21542 | D:14     | Found a bloodstained altar of Trog.
 21794 | D:14     | Found Otys's Antique Armour Emporium.
 21797 | D:14     | Identified the +0 ring mail of Resonance {Harm Will+}
 21869 | D:14     | Found a transporter.
 22015 | D:14     | Offered knowledge of Fireball by Vehumet.
 22033 | D:14     | Learned a level 5 spell: Fireball
 22113 | D:14     | Found a glowing golden altar of the Shining One.
 22139 | D:14     | Learned a level 3 spell: Swiftness
 22313 | D:14     | Found a transporter.
 22376 | D:14     | Found a white marble altar of Elyvilon.
 22376 | D:14     | Found a glowing silver altar of Zin.
 22409 | D:14     | Reached XP level 14. HP: 80/80 MP: 34/39
 22550 | D:15     | Entered Level 15 of the Dungeon
 22570 | D:15     | Reached skill level 20 in Spellcasting
 22914 | D:15     | Learned a level 5 spell: Lee's Rapid Deconstruction
 23139 | D:15     | Paralysed by a floating eye for 2 turns
 23223 | D:15     | Learned a level 4 spell: Airstrike
 23354 | D:15     | Found a staircase to the Depths.
 23354 | D:15     | Noticed a frost giant
 23362 | D:15     | Killed a frost giant
 23721 | D:15     | Identified the +0 short sword of Kiyxiur {speed, Dex+4}
 24650 | D:11     | Found the +0 mask of the Dragon {Will+ Slay+3 SInv}
 24919 | D:9      | Reached skill level 21 in Spellcasting
 25024 | D:9      | Found a runed translucent gate.
 25024 | D:9      | Found a runed translucent gate.
 25030 | D:9      | Found a runed translucent gate.
 25034 | D:9      | Noticed innerfire43's ghost (journeyman DsMo)
 25054 | D:9      | Offered knowledge of Orb of Destruction by Vehumet.
 25183 | D:9      | Killed innerfire43's ghost
 25384 | Lair:1   | Entered Level 1 of the Lair of Beasts
 25519 | Lair:1   | Noticed Amaemon
 25522 | Lair:1   | Killed Amaemon
 25820 | Lair:1   | Learned a level 7 spell: Orb of Destruction
 26497 | Lair:2   | Noticed Gastronok
 26504 | Lair:2   | Killed Gastronok
 26716 | Lair:2   | Found a staircase to the Shoals.
 27131 | Temple   | Acquired 599 gold pieces
 27503 | Lair:2   | Reached XP level 15. HP: 84/84 MP: 35/42
 27527 | Lair:2   | Reached skill level 1 in Shields
 27818 | Lair:2   | Offered knowledge of Arcjolt by Vehumet.
 28225 | Lair:3   | Reached skill level 15 in Fire Magic
 28373 | Lair:3   | Reached skill level 22 in Spellcasting
 28776 | Lair:3   | Found a staircase to the Snake Pit.
 28826 | Lair:3   | Reached skill level 1 in Necromancy
 29864 | Lair:4   | Offered knowledge of Iskenderun's Battlesphere by Vehumet.
 30289 | Lair:5   | Entered Level 5 of the Lair of Beasts
 30391 | Lair:5   | Noticed an acid blob
 30397 | Lair:5   | Killed an acid blob
 30843 | Lair:5   | Noticed an azure jelly
 30850 | Lair:5   | Killed an azure jelly
 30851 | Lair:5   | Reached skill level 23 in Spellcasting
 30872 | Lair:5   | Found a dark tunnel.
 30881 | Volcano  | Entered a volcano
 31359 | Volcano  | Reached skill level 1 in Earth Magic
 31431 | Volcano  | Found a burning altar of Makhleb.
 31443 | Volcano  | Learned a level 6 spell: Leda's Unmaking
 31637 | Lair:5   | Reached XP level 16. HP: 88/88 MP: 27/45
 31826 | Lair:5   | Offered knowledge of Irradiate by Vehumet.
 32408 | Lair:5   | Found a viscous altar of Jiyva.
 32408 | Lair:5   | Found a staircase to the Slime Pits.
 33140 | Orc:1    | Entered Level 1 of the Orcish Mines
 33470 | Orc:1    | Found Cefatice's General Store.
 33473 | Orc:1    | Bought a potion of curing for 45 gold pieces
 33473 | Orc:1    | Bought a scroll of identify for 30 gold pieces
 33511 | Orc:2    | Entered Level 2 of the Orcish Mines
 33773 | Orc:2    | Noticed Starbright's ghost (journeyman TrBe)
 33777 | Orc:2    | Found a runed translucent door.
 33865 | Orc:2    | Reached skill level 5 in Shields
 33870 | Orc:2    | Reached ****** piety under Vehumet
 33878 | Orc:2    | Offered knowledge of Conjure Ball Lightning by Vehumet.
 34689 | Orc:2    | Reached skill level 24 in Spellcasting
 34743 | Orc:2    | Found Kakhleara's Antique Weapon Shoppe.
 34743 | Orc:2    | Found Giez's Magic Scroll Shoppe.
 34744 | Orc:2    | Found Tytalal's Distillery.
 34744 | Orc:2    | Found Wilifrodgh's Weapon Boutique.
 34756 | Orc:2    | Bought a potion of heal wounds for 60 gold pieces
 34756 | Orc:2    | Bought a potion of curing for 36 gold pieces
 34756 | Orc:2    | Bought a potion of heal wounds for 60 gold pieces
 34756 | Orc:2    | Bought a potion of magic for 96 gold pieces
 34766 | Orc:2    | Bought a scroll of identify for 30 gold pieces
 34766 | Orc:2    | Bought a scroll of teleportation for 45 gold pieces
 34766 | Orc:2    | Bought a scroll of identify for 30 gold pieces
 34828 | Orc:2    | Found a staircase to the Elven Halls.
 34919 | Orc:2    | Found Teillad's Antique Weapon Shoppe.
 35021 | Orc:2    | Killed Starbright's ghost
 35284 | Shoals:1 | Entered Level 1 of the Shoals
 35303 | Shoals:1 | Mangled by a merfolk

Illustrated notes

Levels and vault maps discovered:
D:1:      reono_arrival_forest_river, layout_loops_cross, serial_shops,
          nicolae_shop_waterfront
D:2:      layout_basic, ebering_ecumenical_altar_abandoned, uniq_natasha,
          uniq_jessica
D:3:      cheibrodos_fertilizer, layout_basic, grunt_temple_overflow_open,
          uniq_grinder
D:4:      layout_basic, minmay_temple_entry_nine_rooms, serial_shops,
          nicolae_shop_advertising_works [nicolae_subvault_shop_adworks],
          shop_fountains, minmay_ruptured, uniq_pikel, uniq_duvessa
D:5:      layout_rooms, grunt_qazlal_clouds, st_stairs_7
D:6:      layout_loops_corners, nicolae_dithmenos_shadow_blocks
D:7:      layout_gridville
D:8:      layout_gridville, dpeg_oklobed_lair, enter_bailey_3, uniq_maggie
D:9:      layout_irregular_city, ploomutoo_gammafunk_ghost_potion_laboratory
D:10:     layout_big_octagon, zombieorc1_lemuel, minmay_lizard_king
D:11:     minmay_the_grid_octo_2x2 [minmay_the_grid_octo_pinwheel,
          minmay_the_grid_octo_concentric, minmay_the_grid_octo_fan_narrow,
          minmay_the_grid_octo_prize_ultimate_mussel_roller],
          layout_loops_corners
D:12:     layout_grid_maze, uniq_lodul
D:13:     layout_cave_pools, skrybe_vaults_entry_preservation,
          portal_ice_cave_entry_imps, uniq_maurice
D:14:     gammafunk_its_a_trap, layout_rooms, serial_shops, nicolae_shop_trees,
          good_gods_mini_temple, trog_butcher_becter
D:15:     grunt_enter_depths_snipers, layout_basic, hex_medium,
          onia_ninara_cookie
Temple:   minmay_temple_bridge_d
Lair:1:   layout_cave_pods, st_stairs_4, lemuel_fruit_tree, uniq_amaemon
Lair:2:   layout_misc_corridors, elwin_shoals_entry_rooms,
          minmay_shattered_shrine, uniq_gastronok
Lair:3:   layout_roguey, minmay_snake_entry_six_corridors, wad_woods_01
Lair:4:   layout_roguey, serial_bayou_shore_a, infiniplex_staircase_pool
Lair:5:   minmay_lair_end_frog_pond, layout_layer_cave, slime_entry_1,
          special_room [special_room_jelly], enter_volcano_2,
          serial_bayou_pond_b
Shoals:1: layout_shoals, nicolae_shoals_nautilus_by_nature,
          hangedman_shoal_volcano
Orc:1:    layout_caves, serial_shops, nicolae_shop_real_fake_doors
Orc:2:    st_orc_elflike, layout_caves, hellmonk_ghost_happy_afterlife,
          serial_shops, shop

Skill      XL: |  1  2  3  4  5  6  7  8  9 10 11 12 13 14 15 16 |
---------------+-------------------------------------------------+-----
Spellcasting   | 5 6 7 9 10 12 14 16 18 19 21 23 24 | 24.0
Fighting       | 1 2 3 4 6 |  6.0
Armour         | 1 2 3 4 5 6 8 |  8.0
Conjurations   | 2 3 4 5 6 8 9 11 12 13 14 | 14.8
Dodging        | 3 |  3.1
Stealth        | 3 |  3.0
Poison Magic   | 1 |  1.1
Air Magic      | 1 |  1.0
Evocations     | 1 |  1.0
Summonings     | 2 3 4 5 6 |  6.0
Fire Magic     | 3 5 7 10 12 14 15 16 | 16.3
Ice Magic      | 2 |  2.2
Shields        | 4 5 |  5.3
Necromancy     | 2 |  2.0
Earth Magic    | 1 |  1.0
Translocations | |  1.1

Action                     |  1- 3 |  4- 6 |  7- 9 | 10-12 | 13-15 | 16-18 || total
---------------------------+-------+-------+-------+-------+-------+-------++-------
  Melee: Dagger            |    30 |       |       |       |       |       ||    30
         Club              |       |    26 |       |       |       |       ||    26
         Whip              |       |       |   102 |    57 |       |       ||   159
         Punch             |       |       |       |     1 |       |     1 ||     2
         Short sword       |       |       |       |   203 |    12 |       ||   215
         Staff             |       |       |       |       |     6 |    10 ||    16
   Cast: Magic Dart        |    80 |   130 |   229 |    14 |     3 |       ||   456
         Mephitic Cloud    |       |     5 |    34 |    87 |    17 |       ||   143
         Call Imp          |       |     4 |     4 |     2 |       |       ||    10
         Blink             |       |     1 |     3 |     9 |     4 |     2 ||    19
         Foxfire           |       |       |    88 |   426 |    16 |       ||   530
         Sticky Flame      |       |       |    10 |    71 |       |       ||    81
         Call Canine Famil |       |       |     1 |    12 |     3 |     1 ||    17
         Starburst         |       |       |       |    20 |   122 |     2 ||   144
         Fireball          |       |       |       |       |   243 |   113 ||   356
         Airstrike         |       |       |       |       |    34 |       ||    34
         Lee's Rapid Decon |       |       |       |       |     5 |       ||     5
         Orb of Destructio |       |       |       |       |     2 |     5 ||     7
         Ignition          |       |       |       |       |       |    12 ||    12
         Leda's Unmaking   |       |       |       |       |       |     1 ||     1
  Evoke: Wand              |       |       |       |     6 |       |       ||     6
    Use: Scroll            |       |       |       |    11 |    10 |     6 ||    27
         Potion            |       |       |       |     1 |       |       ||     1
   Stab: Confused          |       |     1 |    15 |    27 |     1 |       ||    44
         Sleeping          |       |     1 |       |       |       |       ||     1
         Distracted        |       |       |       |     1 |       |       ||     1
 Armour: Robe              |     4 |     4 |    16 |    10 |     1 |     1 ||    36
         Skin              |    11 |       |       |       |       |       ||    11
         Acid dragon scale |       |       |       |    29 |    44 |       ||    73
         Troll leather arm |       |       |       |    10 |       |       ||    10
  Dodge: Dodged            |    21 |    26 |   105 |   363 |    79 |    11 ||   605

Table legend: (Time is in decaauts)
 A = Elapsed time spent in this place.
 B = Non-inter-level travel time spent in this place.
 C = Inter-level travel time spent in this place.
 D = Time resting spent in this place.
 E = Time spent auto-exploring this place.
 F = Levels seen in this place.
 G = Mean time per level.
                   A        B        C        D        E       F      G
               +--------+--------+--------+--------+--------+-----+--------+
         Total |  35495 |  32103 |   3392 |   2666 |  23508 |  27 | 1314.6 |
       Dungeon |  22985 |  20366 |   2619 |   1615 |  15161 |  15 | 1532.3 |
        Temple |    238 |    130 |    108 |      0 |     61 |   1 |  238.0 |
          Lair |   6906 |   6324 |    582 |    569 |   5070 |   5 | 1381.2 |
        Shoals |     18 |     18 |      0 |      0 |      5 |   1 |   18.0 |
  Orcish Mines |   2012 |   1931 |     81 |     13 |   1711 |   2 | 1006.0 |
        Bailey |    977 |    977 |      0 |    218 |    332 |   1 |  977.0 |
      Ice Cave |   1776 |   1776 |      0 |    138 |    952 |   1 | 1776.0 |
       Volcano |    579 |    579 |      0 |    113 |    215 |   1 |  579.0 |
               +--------+--------+--------+--------+--------+-----+--------+

Top non-repeatable levels by time:
    D:11: 2473 daAuts
     D:4: 2159 daAuts
   IceCv: 1776 daAuts
    D:10: 1761 daAuts
     D:3: 1749 daAuts
     D:9: 1727 daAuts
  Lair:5: 1704 daAuts
    D:15: 1630 daAuts
    D:12: 1561 daAuts
  Lair:2: 1545 daAuts
     D:6: 1491 daAuts
     D:7: 1449 daAuts
   Orc:2: 1448 daAuts
     D:1: 1422 daAuts
    D:14: 1369 daAuts
